AoeStats
← Kato

Fortress

509749582Analyzed
4v4 RM · 3d ago on Sep 27, 2026· 47m 31s· 8 players
Game mode
Random Map
Map size
Huge
Population
200
Speed
Normal
Resources
Standard
Victory
Conquest
Starting age
Dark Age
Ending age
Imperial Age
RankedLock teamsTeams togetherTeam positionsShared explorationLock speedFull tech treeHidden civsTurbo modeCheats
Victory
Defeat
🇦🇷 Slavs · Argentina
858
+17
🇦🇷 Franks · Argentina
844
+17
🇦🇷 Bohemians · Argentina
806
+19
🇩🇰 Teutons · Denmark
717
+22
🇲🇽 Franks · Mexico
893
-20
🇲🇽 Celts · Mexico
886
-20
🇨🇴 Persians · Colombia
847
-18
🇨🇴 Teutons · Colombia
832
-17
Mike LR
2:23 Loom
10:08 Feudal Age
10:34 Double-Bit Axe
15:52 Castle Age
14:56 Forging
15:06 Stone Mining
17:12 Wheelbarrow
17:05 Bow Saw
19:24 Hand Cart
19:47 Town Watch
20:03 Fletching
22:31 Gold Mining
24:28 Bodkin Arrow
26:15 Ballistics
25:36 Treadmill Crane
25:52 Murder Holes
26:36 Gold Shaft Mining
26:16 Caravan
27:11 Padded Archer Armor
27:44 Elite Skirmisher
29:31 Husbandry
29:41 Scale Barding Armor
30:12 Iron Casting
35:57 Imperial Age
33:11 Crossbowman
33:33 Pikeman
39:16 Chemistry
LRIN_kinhonor83
8:01 Feudal Age
8:25 Double-Bit Axe
10:12 Horse Collar
15:02 Wheelbarrow
16:28 Castle Age
14:57 Gold Mining
15:45 Forging
17:27 Scale Barding Armor
18:37 Bow Saw
20:52 Husbandry
23:16 Town Watch
23:18 Loom
24:45 Gold Shaft Mining
25:01 Iron Casting
24:50 Chain Barding Armor
26:17 Bloodlines
30:56 Masonry
34:40 Fletching
37:24 Imperial Age
37:55 Citadels
38:10 Conscription
38:56 Blast Furnace
37:20 Heavy Camel Rider
38:05 Crossbowman
38:55 Thumb Ring
39:22 Padded Archer Armor
40:26 Plate Barding Armor
39:46 Bodkin Arrow
43:23 Leather Archer Armor
43:50 Cavalier
Deryuro
2:32 Loom
9:08 Feudal Age
10:31 Double-Bit Axe
10:33 Horse Collar
11:57 Town Watch
17:10 Castle Age
18:05 Stone Mining
19:30 Forging
22:21 Heavy Plow
24:02 Iron Casting
25:37 Scale Mail Armor
30:03 Imperial Age
28:47 Wheelbarrow
29:08 Bow Saw
30:28 Chain Mail Armor
31:59 Blast Furnace
30:54 Pikeman
33:02 Hand Cart
32:54 Onager
36:43 Plate Mail Armor
35:37 Elite Teutonic Knight
36:22 Squires
37:31 Conscription
36:39 Halberdier
43:11 Cavalier
44:02 Bloodlines
JANROD2944
1:05 Loom
9:35 Feudal Age
10:54 Wheelbarrow
10:07 Double-Bit Axe
11:25 Horse Collar
16:04 Castle Age
17:11 Hand Cart
16:19 Man-at-Arms
16:45 Gambesons
16:57 Stronghold
18:31 Forging
18:22 Scale Mail Armor
19:18 Stone Mining
21:14 Caravan
22:57 Long Swordsman
22:58 Pikeman
23:24 Arson
24:54 Bow Saw
26:06 Town Watch
29:45 Gold Mining
30:35 Stone Shaft Mining
30:46 Town Patrol
31:32 Heavy Plow
32:30 Ballistics
36:26 Imperial Age
36:33 Halberdier
36:51 Two-Handed Swordsman
39:41 Furor Celtica
40:23 Iron Casting
40:03 Chain Mail Armor
Bisgarra
1:52 Loom
9:02 Feudal Age
9:36 Horse Collar
13:21 Double-Bit Axe
15:08 Wheelbarrow
16:17 Scale Mail Armor
15:41 Man-at-Arms
16:06 Arson
18:50 Castle Age
21:11 Chain Mail Armor
20:23 Long Swordsman
21:05 Squires
20:26 Pikeman
21:09 Crossbowman
22:56 Bow Saw
23:04 Fletching
25:12 Forging
25:27 Ballistics
25:42 Padded Archer Armor
25:06 Elite Skirmisher
28:01 Hand Cart
28:08 Leather Archer Armor
28:39 Town Watch
30:04 Masonry
31:45 Bodkin Arrow
35:08 Wagenburg Tactics
36:15 Iron Casting
36:58 Caravan
38:19 Fortified Wall
38:05 Murder Holes
47:36 Imperial Age
46:27 Chemistry
manu.sf
9:19 Feudal Age
11:05 Double-Bit Axe
11:11 Gold Mining
13:56 Wheelbarrow
18:39 Castle Age
18:11 Scale Barding Armor
18:16 Forging
18:08 Scale Mail Armor
19:58 Husbandry
20:21 Chain Barding Armor
20:37 Iron Casting
21:06 Gold Shaft Mining
20:43 Bow Saw
23:00 Hand Cart
28:19 Arson
28:35 Squires
28:00 Ordonnance Companies
28:07 Pikeman
32:21 Imperial Age
31:56 Chain Mail Armor
33:44 Cavalier
35:03 Plate Barding Armor
35:28 Blast Furnace
35:00 Plate Mail Armor
34:54 Conscription
35:07 Elite Throwing Axeman
37:52 Caravan
39:00 Paladin
41:17 Halberdier
Lord Malbec
11:49 Feudal Age
12:04 Man-at-Arms
13:46 Scale Mail Armor
14:48 Forging
15:23 Fletching
19:56 Wheelbarrow
19:04 Horse Collar
19:15 Double-Bit Axe
20:12 Town Watch
25:13 Castle Age
25:03 Scale Barding Armor
25:18 Long Swordsman
26:01 Squires
26:38 Iron Casting
26:18 Chain Mail Armor
26:25 Chain Barding Armor
26:39 Caravan
26:56 Husbandry
28:06 Bloodlines
27:56 Bodkin Arrow
29:54 Light Cavalry
33:09 Heavy Plow
34:00 Padded Archer Armor
33:51 Pikeman
36:43 Gold Mining
38:00 Hand Cart
41:23 Imperial Age
41:27 Cavalier
41:33 Two-Handed Swordsman
42:38 Conscription
45:29 Blast Furnace
43:54 Champion
45:06 Heavy Scorpion
46:09 Hussar
Kato
7:37 Feudal Age
5:53 Loom
8:10 Double-Bit Axe
8:07 Horse Collar
9:13 Man-at-Arms
16:36 Castle Age
15:59 Wheelbarrow
17:45 Forging
17:35 Scale Mail Armor
20:44 Iron Casting
20:24 Chain Mail Armor
22:10 Long Swordsman
22:10 Pikeman
25:27 Imperial Age
24:01 Gold Mining
24:04 Stone Mining
25:21 Hand Cart
29:06 Crenellations
29:10 Fletching
30:21 Blast Furnace
30:57 Hoardings
30:45 Ironclad
30:15 Long Swordsman
30:15 Pikeman
30:42 Gambesons
32:29 Bow Saw
31:44 Two-Handed Swordsman
36:01 Bodkin Arrow
36:36 Plate Mail Armor
38:23 Champion
39:39 Elite Teutonic Knight
41:30 Plate Mail Armor
43:19 Caravan
Connection lost

Rejoining the realm…

Still unreachable

The connection could not be restored.

Session expired

The server has moved on; the page needs a fresh start.